 Dungeon Crawl Stone Soup version 0.31-a0-362-g6b00f1b (webtiles) character file.

Game seed: 3751193554440232534

9104 Bundar the Cleaver (level 11, -4/95 HPs)
             Began as a Ghoul Fighter on July 27, 2023.
             Was a High Priest of Fedhas.
             Slain by an orc warrior
             ... wielding a +0 long sword
              (6 damage)
             ... on level 11 of the Dungeon.
             The game lasted 01:09:02 (11226 turns).

Bundar the Cleaver (Ghoul Fighter)                 Turns: 11226, Time: 01:09:03

Health: -4/95      AC: 26    Str: 26    XL:     11   Next: 41%
Magic:  10/10      EV: 10    Int:  5    God:    Fedhas [*****.]
Gold:   840        SH:  5    Dex: 10    Spells: 10/10 levels left

rFire   . . .        F - +9 rapier "Wenlel" {spect, Str+5}
rCold   + . .        c - +0 buckler
rNeg    + + +        D - +5 chain mail of Panentheism {rN+}
rPois   ∞            j - +2 hat
rElec   .            a - +0 cloak
rCorr   .            o - +0 pair of gloves
SInv    .            e - +0 pair of boots
Will    +....        (no amulet) Stlth
                     w - +4 ring of protection
HPRegen 0.00/turn    x - ring of willpower
MPRegen 0.12/turn

%: no passive effects
@: inhibited regen
A: claws 1, cold resistance 1, negative energy resistance 3, inhibited
regeneration, torment resistance 2, devour on kill
a: Renounce Religion, Wall of Briars, Grow Ballistomycete, Overgrow, Grow Oklob


You were on level 11 of the Dungeon.
You worshipped Fedhas.
Fedhas was extremely pleased with you.
You visited 1 branch of the dungeon, and saw 12 of its levels.
You also visited: Sewer.

You collected 1096 gold pieces.
You spent 256 gold pieces at shops.

Inventory:

Hand Weapons
 f - a +1 hand axe of electrocution
 z - a +4 halberd of freezing
 C - a +5 long sword of freezing
 F - the +9 rapier "Wenlel" (weapon) {spect, Str+5}
   (You found it on level 8 of the Dungeon)

   Str:       It affects your strength (+5).
Armour
 a - a +0 cloak (worn)
 c - a +0 buckler (worn)
 d - +0 steam dragon scales
 e - a +0 pair of boots (worn)
 j - a +2 hat (worn)
 l - a +5 chain mail
 o - a +0 pair of gloves (worn)
 D - the +5 chain mail of Panentheism (worn) {rN+}
   (You found it on level 7 of the Dungeon)

   rN:        It protects you from negative energy.
 P - a +0 plate armour
Magical Staves
 g - a staff of earth
Jewellery
 k - a ring of magical power
 w - a +4 ring of protection (left hand)
 x - a ring of willpower (right hand)
 B - a ring of ice
Talismans
 H - a storm talisman
Wands
 t - a wand of digging (8)
 J - a wand of mindburst (8)
 K - a wand of iceblast (4) (quivered)
 N - a wand of polymorph (5)
 R - a wand of quicksilver (4)
Scrolls
 p - 2 scrolls of revelation
 y - a scroll of silence
 E - a scroll of brand weapon
 G - a scroll of teleportation
 I - a scroll of fog {unknown}
 M - a scroll of blinking {unknown}
 Q - a scroll of enchant weapon {unknown}
Potions
 b - 7 potions of curing
 h - a potion of berserk rage {unknown}
 i - a potion of brilliance {unknown}
 m - 3 potions of degeneration
 n - 2 potions of mutation {unknown}
 q - 2 potions of haste {unknown}
 r - 2 potions of attraction
 s - a potion of invisibility {unknown}
 u - 2 potions of lignification {unknown}
 v - 2 potions of might
 A - a potion of magic {unknown}
 L - a potion of heal wounds
 O - a potion of resistance
Miscellaneous
 S - a lightning rod (4/4)


   Skills:
 + Level 8.6 Fighting
 + Level 5.0(5.5) Short Blades
 + Level 3.4(4.7) Long Blades
 + Level 8.6 Axes
 + Level 8.6 Armour
 + Level 3.8 Dodging
 + Level 0.5 Stealth
 + Level 5.3 Shields


You had 10 spell levels left.
You didn't know any spells.
Your spell library contained the following spells:

 Spells                   Type           Power      Damage    Failure   Level
 Magic Dart               Conj           0%         1d3       95%         1
 Shock                    Conj/Air       0%         1d3       95%         1
 Scorch                   Fire           0%         2d5       98%         2
 Searing Ray              Conj           0%         2d4       98%         2
 Swiftness                Air            0%         N/A       100%        3
 Airstrike                Air            0%         2d(0-16)  100%        4
 Fulminant Prism          Conj/Hex       0%         3d5       100%        4
 Sticky Flame             Conj/Fire      0%         2d3       100%        4


Dungeon Overview and Level Annotations

Branches:
Dungeon (12/15)            Temple (0/1) D:4            Lair (0/5) D:11
  Sewer (visited)
    Orc: D:9-12

Altars:
Cheibriados
Dithmenos
Fedhas
Hepliaklqana
Kikubaaqudgha
Makhleb
Nemelex Xobeh
Trog
Uskayaw

Shops:
D:4 (   D:10 !   D:11 (   D:12 (

Portals:
Abyss: D:7

Annotations:
D:7 1 transporter, Decysan's ghost, novice OpSh


Innate Abilities, Weirdness & Mutations

You are immune to poison.
You have sharp fingernails.
Your flesh is cold resistant. (rC+)
You are immune to negative energy. (rN+++)
You do not regenerate when monsters are visible.
You are immune to unholy pain and torment.
You thrive by killing the living.


Message History

The slime creature attacks as you move away!
The slime creature hits you!
An orc wizard comes into view. It is wielding a +0 dagger.
The orc wizard shouts!
The orc shouts!
The two-headed ogre attacks as you move away!
You block the two-headed ogre's attack.
The two-headed ogre hits you with a +0 dire flail.
A centaur comes into view.
The slime creature hits you but does no damage.
Two slime creatures merge to form a large slime creature.
The large slime creature barely misses you.
Two slime creatures merge to form an enormous slime creature.
You block the two-headed ogre's attack.
The two-headed ogre hits you with a +0 dire flail!
The orc enters a dispersal trap!
The centaur blinks!
The orc wizard blinks!
The orc warrior blinks!
The enormous slime creature blinks!
The two-headed ogre hits you with a +0 giant club.
* * * LOW HITPOINT WARNING * * *
The two-headed ogre hits you with a +0 dire flail!
* * * LOW HITPOINT WARNING * * *
An enormous slime creature splits.
There is a stone staircase leading down here.
The two-headed ogre hits you with a +0 giant club!
* * * LOW HITPOINT WARNING * * *
You block the two-headed ogre's attack. The large slime creature hits you!
* * * LOW HITPOINT WARNING * * *
The large slime creature closely misses you.
You climb downwards.
The yak bellows! x2; The acid dragon roars!
You hear a bellow!
You hear a horrible gurgling sound!
Found 14 gold pieces and a green potion.
Found Rapnic Vosoi's Antique Weapon Boutique.
Found a stone staircase leading up.
There is a stone staircase leading up here.
The large slime creature barely misses you.
A large slime creature splits.
You climb upwards.
The orc warrior hits you with a +0 long sword.
You die...
Fedhas appreciates your contribution to the ecosystem.

...........>....>..
#..^.......##.#
#.....o.##....#..
#................
#....#.o..#...
##........# #
#.##.....# #.
####JJ## .. #@o<#
... ##J.# ...
##O..# ... ...##
....# #J...# ......
##.....


You could see a large slime creature, 2 slime creatures, a two-headed ogre, an
orc warrior, an orc wizard and an orc.

Vanquished Creatures
  3 two-headed ogres
  Pikel (D:4)
  A deep elf pyromancer (D:10)
  A cyclops (D:8)
  Sigmund (D:4)
  2 wyverns
  4 yaks (D:9)
  A steam dragon (D:7)
  Menkaure (D:7)
  A water moccasin (D:5)
  2 orc warriors
  4 black bears
  2 ogres
  6 centaurs
  4 lemures (D:4)
  A phantom (D:5)
  9 kobold brigands
  6 bullfrogs
  A scorpion (D:5)
  16 wights
  5 killer bees (D:9)
  2 electric eels
  4 howler monkeys
  A centaur zombie (D:4)
  A hound (D:6)
  A human zombie (D:4)
  3 jellies
  5 orc priests
  3 scorpion zombies (D:4)
  2 iguanas
  7 orc wizards
  A small abomination (D:7)
  6 mummies
  10 gnolls
  9 adders
  A river rat (Sewer)
  3 white imps
  2 ufetubi
  3 worms
  33 orcs
  4 endoplasms
  6 giant cockroaches
  9 goblins
  7 hobgoblins
  9 jackals
  3 quokkas
  18 ball pythons
  3 bats
  4 frilled lizards
  A jackal zombie (D:4)
  46 kobolds
  9 rats
288 creatures vanquished.

Notes
Turn   | Place    | Note
-------+----------+-------------------------------------------
     0 | D:1      | Bundar the Ghoul Fighter began the quest for the Orb.
     0 | D:1      | Reached XP level 1. HP: 19/19 MP: 0/0
   304 | D:1      | Reached XP level 2. HP: 26/26 MP: 1/1
   594 | D:1      | Reached XP level 3. HP: 33/33 MP: 2/2
  1159 | D:2      | Reached XP level 4. HP: 38/40 MP: 3/3
  1317 | D:2      | Got the Folio of the Volcano
  1834 | D:3      | Reached skill level 1 in Axes
  1994 | D:3      | Reached XP level 5. HP: 25/46 MP: 4/4
  2000 | D:3      | Reached skill level 1 in Dodging
  2288 | D:3      | Found a blossoming altar of Fedhas.
  2309 | D:3      | Became a worshipper of Fedhas Madash
  2697 | D:4      | Reached XP level 6. HP: 52/52 MP: 5/5
  2846 | D:4      | Found Hubuadir's Antique Weapon Boutique.
  2852 | D:4      | Bought a runed mace for 126 gold pieces
  2912 | D:4      | Found a shadowy altar of Dithmenos.
  2993 | D:4      | Noticed Sigmund
  3008 | D:4      | Killed Sigmund
  3009 | D:4      | Reached XP level 7. HP: 55/60 MP: 6/6
  3179 | D:4      | Reached * piety under Fedhas
  3188 | D:4      | Found an ancient bone altar of Kikubaaqudgha.
  3488 | D:4      | Found a sparkling altar of Nemelex Xobeh.
  3499 | D:4      | Noticed Pikel
  3524 | D:4      | Killed Pikel
  3525 | D:4      | Reached skill level 5 in Fighting
  3525 | D:4      | Reached skill level 5 in Axes
  3525 | D:4      | Reached skill level 5 in Armour
  3525 | D:4      | Reached XP level 8. HP: 20/69 MP: 7/7
  3696 | D:4      | Found a staircase to the Ecumenical Temple.
  4191 | D:5      | Entered Level 5 of the Dungeon
  4264 | D:5      | Found a glowing drain.
  4293 | Sewer    | Entered a sewer
  4453 | Sewer    | Reached ** piety under Fedhas
  4785 | D:5      | Reached XP level 9. HP: 54/75 MP: 8/8
  5262 | D:5      | Identified a scroll of acquirement
  5263 | D:5      | Acquired 651 gold pieces
  6096 | D:6      | Reached *** piety under Fedhas
  6312 | D:7      | Noticed Menkaure
  6328 | D:7      | Killed Menkaure
  6522 | D:7      | HP: 3/78 [wight/+4 halberd of freezing (2)]
  6528 | D:7      | Reached XP level 10. HP: 27/84 MP: 9/9
  6840 | D:7      | Found a one-way gate to the infinite horrors of the Abyss.
  6841 | D:7      | Noticed Decysan's ghost (novice OpSh)
  7318 | D:7      | Found a transporter.
  7467 | D:7      | Reached **** piety under Fedhas
  7501 | D:7      | Found a transporter.
  7512 | D:7      | Identified the +5 chain mail of Panentheism {rN+}
  8088 | D:7      | Found a bloodstained altar of Trog.
  8300 | D:8      | Noticed a cyclops
  8318 | D:8      | Killed a cyclops
  8611 | D:8      | Identified the +9 rapier "Wenlel" {spect, Str+5}
  8657 | D:8      | Reached skill level 1 in Short Blades
  9131 | D:9      | Noticed a two-headed ogre
  9311 | D:9      | Killed a two-headed ogre
  9598 | D:9      | Found a hide-covered altar of Uskayaw.
  9669 | D:9      | Reached skill level 5 in Shields
  9705 | D:9      | Noticed a two-headed ogre
  9730 | D:9      | Killed a two-headed ogre
  9731 | D:9      | Reached XP level 11. HP: 66/94 MP: 10/10
 10049 | D:9      | Found a snail-covered altar of Cheibriados.
 10124 | D:9      | Reached ***** piety under Fedhas
 10543 | D:10     | Entered Level 10 of the Dungeon
 10575 | D:10     | Noticed a two-headed ogre
 10582 | D:10     | Killed a two-headed ogre
 10583 | D:10     | Noticed a deep elf pyromancer
 10590 | D:10     | Killed a deep elf pyromancer
 10686 | D:10     | Found a hazy altar of Hepliaklqana.
 10732 | D:10     | Reached skill level 5 in Short Blades
 10745 | D:10     | Found Humairie's Distillery.
 10758 | D:10     | Found a burning altar of Makhleb.
 10779 | D:10     | Bought a potion of resistance for 130 gold pieces
 11207 | D:11     | Found Palasmau's Antique Weapon Boutique.
 11207 | D:11     | Noticed a two-headed ogre
 11208 | D:11     | Found a staircase to the Lair.
 11223 | D:11     | HP: 2/95 [large slime creature (9)]
 11224 | D:12     | Found Rapnic Vosoi's Antique Weapon Boutique.
 11226 | D:11     | Slain by an orc warrior

Illustrated notes

Levels and vault maps discovered:
D:1:      dpeg_arrival_arbitrary_b, layout_basic
D:2:      layout_basic
D:3:      layout_rooms, mainiacjoe_overflow_boulevard, minmay_vboxes
D:4:      layout_gridville, nemelex_diamond_rough_becter,
          mainiacjoe_overflow_alcove_1, lemuel_mausoleum_altar_kikubaaqudgha,
          minmay_temple_entry_gardened_gates, serial_shops,
          nicolae_shop_just_a_little_nook, uniq_sigmund, uniq_pikel
D:5:      layout_basic, portal_sewer_entry_a, kennysheep_dice
D:6:      layout_loops_ring, nicolae_hexahallways
D:7:      layout_gridville, lemuel_crystal_altar,
          gammafunk_ghost_abyssal_escape, minmay_misc_feat_rugged, uniq_menkaure
D:8:      layout_loops_ring, nicolae_ru_path_of_blood
D:9:      layout_long_grid, mainiacjoe_overflow_small_starburst, slow_altar_1,
          serial_bayou, serial_bayou_pond_b, serial_bayou_ford_a,
          serial_bayou_crossing, serial_bayou_pond_c
D:10:     layout_basic, mainiacjoe_overflow_chevrons,
          nicolae_elyvilon_temple_path, kennysheep_mini,
          overflow_temple_1_default, serial_shops, shop_statue
D:11:     gammafunk_worm_tunnel, layout_cave_pools, lair_entry_dummy,
          serial_shops, shop, nicolae_shop_hallway_plus,
          nicolae_shop_rolling_square, shop_fountains
D:12:     layout_roguey, orc_0_dummy, serial_shops, shop, shop,
          nicolae_shop_waterfront, nicolae_stop_n_shop_1,
          bh_hangedman_babel_library

Skill      XL: |  1  2  3  4  5  6  7  8  9 10 11 |
---------------+----------------------------------+-----
Shields        | 3 4 5 |  5.3
Armour         | 3 4 5 6 8 |  8.6
Axes           | 1 2 3 5 6 8 |  8.6
Dodging        | 1 2 3 |  3.8
Fighting       | 4 5 6 8 |  8.6
Long Blades    | 3 |  3.4
Short Blades   | 3 5 |  5.0
Stealth        | |  0.5

Action                     |  1- 3 |  4- 6 |  7- 9 | 10-12 || total
---------------------------+-------+-------+-------+-------++-------
  Melee: Hand axe          |   117 |   134 |   461 |    42 ||   754
         Long sword        |     9 |       |       |   108 ||   117
         Rapier            |       |       |       |   159 ||   159
  Evoke: Wand              |       |       |       |     1 ||     1
    Use: Scroll            |     3 |     7 |     8 |     3 ||    21
         Potion            |       |     2 |     4 |     3 ||     9
 Armour: Scale mail        |    47 |       |       |       ||    47
         Chain mail        |    30 |    99 |   332 |   241 ||   702
  Dodge: Dodged            |    70 |    64 |   207 |   160 ||   501
  Block: Buckler           |    26 |    34 |    93 |    81 ||   234

Table legend: (Time is in decaauts)
 A = Elapsed time spent in this place.
 B = Non-inter-level travel time spent in this place.
 C = Inter-level travel time spent in this place.
 D = Time resting spent in this place.
 E = Time spent auto-exploring this place.
 F = Levels seen in this place.
 G = Mean time per level.
                   A        B        C        D        E       F      G
               +--------+--------+--------+--------+--------+-----+--------+
         Total |  11456 |  11446 |     10 |   2280 |      0 |  13 |  881.2 |
       Dungeon |  10933 |  10923 |     10 |   2280 |      0 |  12 |  911.1 |
         Sewer |    522 |    522 |      0 |      0 |      0 |   1 |  522.0 |
               +--------+--------+--------+--------+--------+-----+--------+

Top non-repeatable levels by time:
     D:7: 2019 daAuts
     D:4: 1525 daAuts
     D:9: 1201 daAuts
     D:8: 1087 daAuts
     D:2: 1066 daAuts
     D:6: 906 daAuts
     D:3: 890 daAuts
     D:1: 795 daAuts
     D:5: 758 daAuts
    D:10: 655 daAuts
   Sewer: 522 daAuts
    D:11: 25 daAuts
    D:12: 1 daAuts
